 Dungeon Crawl Stone Soup version 0.29.1-12-g30fa7ad0bf (webtiles) character file.

Game seed: 8629774488219014887

1011 MisterFreud the Twirler (level 8, 0/93 HPs)
             Began as a Formicid Gladiator on Dec 27, 2022.
             Slain by an orc warrior
             ... wielding a +0 long sword
              (12 damage)
             ... on level 6 of the Dungeon.
             The game lasted 00:04:55 (4448 turns).

MisterFreud the Twirler (Formicid Gladiator)        Turns: 4448, Time: 00:04:55

Health: 0/93       AC: 24    Str: 33    XL:     8   Next: 44%
Magic:  8/8        EV:  2    Int:  8    God:
Gold:   213        SH:  0    Dex: 15    Spells: 7/7 levels left

rFire   . . .      SeeInvis .   a - +0 quarterstaff
rCold   . . .      Faith    .   (no shield)
rNeg    . . .      Spirit   .   (body armour currently unavailable)
rPois   +          Reflect  .   (helmet unavailable)
rElec   .          Harm     .   (cloak currently unavailable)
rCorr   .          Rampage  .   (gloves currently unavailable)
Will    .....                   (boots currently unavailable)
Stlth   +.........              (no amulet)
HPRegen 0.25/turn               j - +6 ring of strength
MPRegen 0.11/turn               t - +6 ring of strength

@: tree-form, attractive
A: stationary, stasis, torment immunity, boosted hp, permanent stasis, dig
shafts and tunnels, (antennae 3), four strong arms
a: no special abilities


You were on level 6 of the Dungeon.
You were a tree.
You visited 1 branch of the dungeon, and saw 6 of its levels.

You collected 213 gold pieces.

Inventory:

Hand Weapons
 a - a +0 quarterstaff (weapon)
Missiles
 c - 3 throwing nets (quivered)
 d - 7 javelins
 l - 2 silver javelins
 m - a boomerang of dispersal
 q - 6 boomerangs
 s - 4 atropa-tipped darts
 v - 4 poisoned darts
Armour
 x - a +1 scale mail (melded)
Jewellery
 j - a +6 ring of strength (left branch)
 k - a ring of ice
 t - a +6 ring of strength (right branch)
Wands
 n - a wand of polymorph (4)
 u - a wand of iceblast (14)
Scrolls
 e - a scroll of immolation
 i - 3 scrolls of poison
 w - a scroll of amnesia
Potions
 b - a potion of degeneration {unknown}
 f - 2 potions of brilliance
 g - 3 potions of mutation
 h - 2 potions of curing
 p - a potion of heal wounds {unknown}
 r - a potion of berserk rage {unknown}
 z - a potion of lignification


   Skills:
 - Level 5.0 Fighting
 + Level 7.5 Staves
 - Level 2.0 Throwing
 + Level 4.7 Armour
 - Level 2.6 Dodging


You had 7 spell levels left.
You didn't know any spells.
Your spell library contained the following spells:

 Spells                   Type           Power      Damage    Failure   Level
 Static Discharge         Conj/Air       0%         3-3/arc   54%         2
 Summon Lightning Spire   Summ/Air       0%         N/A       99%         4
 Lightning Bolt           Conj/Air       0%         1d11      100%        5
 Manifold Assault         Tloc           0%         N/A       100%        5
 Summon Forest            Summ/Tloc      0%         N/A       100%        5
 Summon Mana Viper        Hex/Summ       0%         N/A       100%        5
 Summon Cactus Giant      Summ           0%         N/A       100%        6
 Storm Form               Tmut/Air       0%         N/A       100%        7
 Maxwell's Capacitive Co  Air            0%         ∞         100%        8
 Blink                    Tloc           Unusable   N/A       N/A         2

Dungeon Overview and Level Annotations

Branches:
Dungeon (6/15)             Temple (0/1) D:6

Altars:
Cheibriados
Elyvilon


Innate Abilities, Weirdness & Mutations

You are a tree.
Your roots penetrate the ground, keeping you stationary.
You cannot be teleported.
You are immune to unholy pain and torment.
Your maximum health is greatly increased.
Your equipment is partially melded.
You cannot be hasted, slowed, berserked, paralysed or teleported.
You can dig through walls and to a lower floor.
((You have a pair of large antennae on your head. (SInv)))
Your four strong arms can wield two-handed weapons with a shield.


Message History

The sky beast hits you but does no damage.
You are too injured to fight recklessly!
You hit the orc warrior but do no damage.
The orc warrior is lightly wounded.
You hit the orc warrior but do no damage.
The orc warrior is lightly wounded.
The orc hits you but does no damage.
The orc warrior hits you with a +0 long sword.
The sky beast hits you. The sky beast shocks you.
You barely miss the orc warrior.
The orc warrior is lightly wounded.
The orc warrior hits you with a +0 long sword!
* * * LOW HITPOINT WARNING * * *
The orc barely misses you.
The sky beast flickers out of sight for a moment.
The sky beast hits you.
* * * LOW HITPOINT WARNING * * *
The sky beast shocks you.
* * * LOW HITPOINT WARNING * * *
Unknown command.
Unknown command.
Unknown command.
It was a potion of lignification.
You turn into a tree.
Your +1 scale mail melds into your body.
Your roots penetrate the ground.
The orc warrior hits you but does no damage.
Something hits you but does no damage.
Deactivating autopickup; reactivate with Ctrl-A.
The orc hits you but does no damage.
You feel better. The orc hits you with a +0 dagger.
* * * LOW HITPOINT WARNING * * *
The orc warrior hits you but does no damage.
Something hits you but does no damage.
Unknown command.
Unknown command.
It was a potion of attraction.
You feel attractive to monsters. The orc hits you but does no damage.
The orc warrior hits you with a +0 long sword!
You die...

#....# #....#
#....###....#######
#....#...........).
#....#.#....#######
#....#......#
#######...........#
..................#
.......oo#####....#
.......{♣# #....#
.##.##.### ######
.. /.. .....o.
.⌠...⌠. ......
..>...


You could see an orc warrior and an orc.

Vanquished Creatures
  Grinder (D:3)
  Sigmund (D:3)
  A centaur (D:6)
  A phantom (D:3)
  A scorpion (D:4)
  A hound (D:3)
  Terence (D:2)
  An iguana (D:4)
  4 orc wizards (D:5)
  Ijyb (D:3)
  Natasha (thrice) (D:2)
  4 gnolls (D:5)
  3 adders
  An ufetubus (D:5)
  A worm (D:2)
  A dart slug (D:5)
  5 orcs
  5 endoplasms
  4 giant cockroaches
  6 goblins
  4 hobgoblins
  12 jackals
  6 kobolds
  4 quokkas
  12 ball pythons
  5 bats
  2 frilled lizards
  6 rats
97 creatures vanquished.

Vanquished Creatures (others)
  An orc wizard (D:5)
1 creature vanquished.

Grand Total: 98 creatures vanquished

Notes
Turn   | Place    | Note
-------+----------+-------------------------------------------
     0 | D:1      | MisterFreud the Formicid Gladiator began the quest for the
                  | Orb.
     0 | D:1      | Reached XP level 1. HP: 16/16 MP: 1/1
    32 | D:1      | You fall into a shaft and drop 1 floor!
   264 | D:2      | Found a snail-covered altar of Cheibriados.
   463 | D:1      | Reached XP level 2. HP: 22/22 MP: 2/2
   617 | D:1      | Found a faded altar of an unknown god.
  1082 | D:1      | Reached skill level 4 in Staves
  1082 | D:1      | Reached XP level 3. HP: 27/27 MP: 3/3
  1700 | D:2      | Noticed Terence
  1705 | D:2      | Noticed Natasha
  1711 | D:2      | You fall into a shaft and drop 1 floor!
  1860 | D:3      | Noticed Sigmund
  1871 | D:3      | Killed Sigmund
  1872 | D:3      | Reached skill level 6 in Staves
  1872 | D:3      | Reached XP level 4. HP: 20/35 MP: 4/4
  1872 | D:3      | Reached XP level 5. HP: 23/41 MP: 5/5
  1872 | D:3      | Reached XP level 6. HP: 27/47 MP: 6/6
  2207 | D:3      | Noticed Ijyb
  2208 | D:3      | Noticed Grinder
  2214 | D:3      | Killed Ijyb
  2218 | D:3      | You fall into a shaft and drop 3 floors!
  2429 | D:5      | Entered Level 5 of the Dungeon
  2462 | D:5      | Found a white marble altar of Elyvilon.
  2643 | D:2      | Killed Natasha
  2648 | D:2      | Killed Terence
  2649 | D:2      | Reached skill level 5 in Fighting
  2649 | D:2      | Reached XP level 7. HP: 46/56 MP: 7/7
  2855 | D:2      | Noticed Natasha
  2866 | D:2      | Killed Natasha
  2867 | D:2      | Reached skill level 1 in Armour
  2978 | D:2      | Noticed Natasha
  2983 | D:2      | Killed Natasha
  3183 | D:3      | Killed Grinder
  3670 | D:4      | Reached skill level 7 in Staves
  3670 | D:4      | Reached XP level 8. HP: 56/62 MP: 8/8
  3721 | D:4      | You fall into a shaft and drop 2 floors!
  4430 | D:6      | Found a staircase to the Ecumenical Temple.
  4445 | D:6      | HP: 1/62 [sky beast (6)]
  4448 | D:6      | Slain by an orc warrior

Illustrated notes

Levels and vault maps discovered:
D:1:      eino_arrival_water_star, layout_loops_ring,
          hellmonk_ecumenical_altar_inner_sanctum
D:2:      layout_rooms, serial_glass, glass_columns_b, glass_columns_b,
          glass_columns_a, glass_columns_a, glass_columns_a, glass_columns_c,
          basic_altar, uniq_terence, uniq_natasha
D:3:      layout_basic, uniq_grinder, uniq_ijyb, uniq_sigmund
D:4:      layout_cave_pools, gammafunk_temple_overflow_pools, eino_curves_04,
          grunt_decor_arrowhead, minmay_tree_intersection,
          kennysheep_cross_bottleneck, minmay_pentomino_pile
D:5:      layout_rooms, mainiacjoe_overflow_boulevard,
          minmay_a_box_with_orc_wizards_in_it
D:6:      layout_basic, nicolae_tso_carved_into_rock,
          minmay_temple_entry_large_hall, uniq_pikel

Skill      XL: |  1  2  3  4  5  6  7  8 |
---------------+-------------------------+-----
Staves         | 4 6 7 |  7.5
Fighting       | 3 5 |  5.0
Armour         | 3 4 |  4.7
Throwing       | |  2.0
Dodging        | |  2.6

Action                   |  1- 3 |  4- 6 |  7- 9 || total
-------------------------+-------+-------+-------++-------
Melee: Quarterstaff      |    88 |    54 |   158 ||   300
       Punch             |     1 |       |       ||     1
 Abil: Shaft Self        |     1 |     1 |       ||     2
  Use: Scroll            |     3 |       |     7 ||    10
       Potion            |       |       |     3 ||     3
 Stab: Sleeping          |     3 |       |       ||     3
Armor: Leather armour    |    23 |    15 |     5 ||    43
       Scale mail        |       |       |    53 ||    53
       Skin              |       |       |     6 ||     6
Dodge: Dodged            |    43 |    46 |   123 ||   212
